Map: Blackpink LE

Players

iRiS - Winner!

  • Race: Terran Terran
  • League: Master
  • Spawn Location: 1:00

Instinct

  • Race: Zerg Zerg
  • League: Master
  • Spawn Location: 7:00

VOD

Have the link to the VOD?

Description

Time

  • Played on: Jan. 6, 2018, 11:41 p.m.
  • Length: 21:04
Show
View Real Time Build Order
Export as new Build Order

iRiS Terran - Winner!

Build Orders: Reaper Expand, Hellion Banshee, MMM Bio 

Get SALT Encoding   

  12  0:00  SCV  
  13  0:12  SCV  
  14  0:17  Supply Depot  
  14  0:25  SCV  
  15  0:29  Refinery  
  15  0:39  SCV  
  16  0:45  Barracks  
  16  0:51  SCV  
  17  1:03  SCV  
  18  1:15  SCV  
  19  1:32  Orbital Command, Reaper  
  20  1:43  Command Center  
  20  1:54  Factory  
  20  1:57  SCV  
  21  2:07  Barracks Reactor  
  21  2:09  SCV, Refinery  
  21  2:14  Supply Depot  
  22  2:21  SCV  
  23  2:38  Hellion  
  25  2:46  Command Center  
  25  2:51  Marine x2  
  25  2:57  SCV, Starport  
  27  2:59  Supply Depot  
  27  3:00  Hellion  
  29  3:29  Hellion x2  
  29  3:30  Barracks Tech Lab  
  29  3:31  SCV  
  34  3:35  Supply Depot  
  34  3:43  SCV  
  35  3:53  Banshee  
  39  3:57  Barracks Tech Lab, Hellion x2  
  39  4:00  Cloaking Field  
  42  4:09  SCV  
  43  4:21  SCV  
  43  4:23  Stimpack, Marine  
  45  4:25  Hellion  
  47  4:33  SCV  
  47  4:36  Banshee  
  47  4:37  Orbital Command  
  51  4:41  Marine  
  52  4:45  SCV  
  53  4:58  SCV  
  52  5:10  SCV  
  53  5:18  SCV  
  53  5:19  Marine  
  55  5:22  SCV  
  55  5:23  Supply Depot  
  55  5:27  Barracks  
  54  5:30  SCV, Factory Reactor  
  55  5:38  SCV  
  55  5:41  Marine  
  55  5:42  SCV  
  58  5:43  Barracks  
  58  5:48  Supply Depot, Starport Reactor  
  58  5:49  Command Center  
  58  5:50  SCV  
  58  5:54  SCV  
  58  5:55  Engineering Bay  
  60  6:02  SCV  
  60  6:03  Engineering Bay  
  58  6:13  SCV  
  58  6:14  Marine, SCV  
  58  6:15  Marine, Refinery  
  58  6:16  Marine  
  63  6:25  SCV  
  64  6:26  SCV, Siege Tank  
  64  6:30  Terran Infantry Weapons Level 1  
  64  6:32  Marine  
  60  6:34  Bunker  
  60  6:35  Marine x2  
  60  6:37  SCV  
  60  6:38  Bunker  
  63  6:46  SCV  
  60  7:06  Marine  
  60  7:07  Marine x4  
  65  7:08  Siege Tank  
  65  7:09  Medivac  
  70  7:19  Terran Infantry Armor Level 1  
  70  7:22  Supply Depot  
  70  7:28  Marine x2, SCV x2, Medivac  
  70  7:29  Supply Depot  
  76  7:31  Combat Shields, Marine  
  76  7:32  Marine x2  
  76  7:33  Orbital Command  
  79  7:39  Medivac  
  79  7:40  SCV x2, Barracks x2  
  83  7:46  Marine x2  
  83  7:49  Marine  
  83  7:50  Marine  
  87  7:51  Marine  
  87  7:52  SCV x2  
  87  7:53  Refinery  
  87  7:58  Medivac  
  90  8:00  Siege Tank  
  90  8:04  Marine x2  
  97  8:07  Marine  
  97  8:08  Marine  
  97  8:09  Medivac  
  97  8:11  Orbital Command  
  101  8:13  Supply Depot  
  101  8:20  Supply Depot  
  101  8:23  SCV, Armory  
  101  8:26  Marine x2  
  101  8:28  Barracks Reactor  
  101  8:31  Barracks Tech Lab  
  101  8:34  Marine x3  
  101  8:35  Siege Tank  
  107  8:44  Marine x2  
  109  8:52  Marine  
  109  8:53  Marauder, Marine  
  109  8:54  Marauder  
  115  9:01  Marine x2  
  106  9:03  SCV x3  
  106  9:07  Siege Tank  
  112  9:10  Marine  
  112  9:11  Marine  
  112  9:14  Marauder  
  112  9:15  Marine  
  117  9:21  Supply Depot x2  
  117  9:34  Terran Infantry Weapons Level 2  
  117  9:36  Terran Infantry Armor Level 2  
  117  9:42  Marine x6, SCV x2  
  117  9:43  Marauder x2, SCV  
  128  9:56  Medivac, Siege Tank  
  133  10:11  Marine  
  133  10:20  Supply Depot, Refinery  
  133  10:21  Refinery, Barracks  
  133  10:22  Barracks  
  133  10:26  Marine  
  133  10:40  Marine x2, SCV  
  133  10:41  Marine x2, Medivac  
  133  10:42  Marauder x2, Marine  
  141  10:43  SCV  
  141  10:48  Marine  
  125  10:58  Marine x2  
  125  10:59  Marine x2  
  125  11:00  Marine  
  125  11:03  Marauder x2  
  122  11:05  SCV, Medivac, Siege Tank, Marine  
  122  11:06  SCV  
  130  11:11  Medivac  
  130  11:14  Supply Depot x2  
  130  11:16  SCV  
  130  11:17  Barracks Tech Lab, Marine, Barracks Reactor  
  134  11:19  SCV  
  134  11:22  Terran Vehicle Weapons Level 1  
  134  11:24  SCV  
  134  11:25  Supply Depot, Marauder x2  
  140  11:28  SCV  
  141  11:35  Marine x6, Medivac  
  141  11:38  SCV  
  141  11:39  Marauder  
  152  11:45  Marine  
  152  11:46  Marauder, SCV  
  156  11:53  Marine x3  
  159  11:55  Command Center, Marine  
  159  11:56  Marine x4  
  164  12:09  Supply Depot  
  164  12:14  Marine  
  165  12:23  Marine  
  165  12:24  Marine x3  
  165  12:25  Marauder x3  
  142  12:33  Marine  
  112  12:38  Marine x3  
  112  12:41  Marine x2  
  112  12:42  Marine x2, Siege Tank, Medivac x2  
  113  12:46  Marauder  
  113  12:47  Marauder x2  
  113  12:51  Marine  
  118  12:56  Marine x3  
  122  12:59  Marine x2  
  123  13:06  Marine  
  123  13:08  Marauder x3  
  124  13:13  Marine x2  
  124  13:14  Medivac, Siege Tank  
  124  13:27  Marine x6  
  124  13:29  Marauder x3  
  124  13:31  Marine x2  
  124  13:33  Terran Infantry Weapons Level 3  
  138  13:34  Terran Infantry Armor Level 3  
  138  13:37  Planetary Fortress  
  138  13:45  Marine x2, SCV  
  138  13:46  Siege Tank  
  144  13:51  Marauder, Marine x2  
  144  13:52  Marauder x2, Marine x4  
  158  13:57  Terran Vehicle Weapons Level 2  
  158  14:00  SCV  
  158  14:02  Marine  
  157  14:03  Marine  
  159  14:13  Marauder  
  159  14:15  Marauder x2, Marine x5  
  159  14:16  Marine  
  171  14:21  Unknown  
  171  14:24  SCV x4  
  174  14:25  Marine  
  174  14:27  Siege Tank  
  179  14:34  Marauder  
  179  14:36  SCV x2, Factory  
  179  14:37  Marauder x2  
  179  14:38  Marine  
  187  14:43  Supply Depot  
  188  14:50  Supply Depot x2  
  188  14:58  Refinery  
  188  15:04  Marauder, Marine x6  
  196  15:11  Marauder, Marine  
  196  15:12  Marine  
  200  15:28  Marauder  
  153  15:48  Marauder x2, Marine x3  
  131  15:51  Marauder, Marine x5  
  131  15:52  Medivac x2, Siege Tank  
  131  15:56  SCV  
  140  16:05  Marine x2  
  140  16:07  Command Center  
  140  16:09  Marauder  
  144  16:22  Marauder x2, Marine x3, Medivac  
  144  16:24  Siege Tank  
  151  16:36  Liberator x2  
  151  16:38  Marauder, Marine x2  
  144  16:43  Marauder  
  145  16:52  Marauder, Marine x4  
  154  16:56  Siege Tank  
  154  17:00  Marauder  
  159  17:04  Marine  
  159  17:05  Marauder, Marine x2  
  164  17:14  Marauder  
  163  17:20  Liberator  
  163  17:21  Marauder  
  151  17:35  Marine  
  151  17:36  Marauder x2, Marine, Siege Tank, Medivac  
  160  17:43  Marauder  
  158  17:44  Marine x6  
  158  17:46  Factory Tech Lab  
  158  17:48  SCV  
  158  17:49  Liberator  
  158  17:50  Refinery  
  165  17:57  Marauder x2, Planetary Fortress  
  169  18:04  Liberator  
  169  18:12  Marauder, Marine x3  
  177  18:18  Marauder  
  179  18:21  Siege Tank x2  
  188  18:32  Liberator  
  188  18:33  Marine x2  
  188  18:34  Marauder x2  
  197  18:58  Marauder, Marine  
  181  19:47  SCV  
  182  20:03  Marauder x3, Marine x8  
  196  20:12  Siege Tank  
  199  20:20  Marine  
Show
View Real Time Build Order
Export as new Build Order

Instinct Zerg 

Build Orders: Pool First 

Get SALT Encoding   

  12  0:07  Drone  
  12  0:09  Drone  
  14  0:18  Extractor  
  14  0:20  Drone  
  14  0:34  Spawning Pool  
  13  0:36  Drone  
  14  0:49  Extractor, Drone  
  14  0:54  Overlord  
  15  1:21  Metabolic Boost, Zergling x6  
  18  1:31  Queen  
  20  1:34  Drone  
  21  1:44  Drone  
  22  1:59  Hatchery  
  21  2:04  Overlord  
  21  2:14  Zergling x2  
  22  2:22  Drone  
  23  2:26  Drone  
  24  2:33  Queen  
  24  2:36  Drone  
  27  2:45  Drone  
  28  2:54  Drone x2  
  28  2:57  Overlord  
  30  3:12  Drone x2  
  32  3:18  Overlord  
  32  3:19  Roach Warren  
  31  3:22  Drone  
  31  3:25  Drone x3  
  35  3:29  Drone  
  35  3:33  Overlord  
  36  3:35  Spine Crawler  
  36  3:38  Drone  
  36  3:45  Drone  
  37  3:48  Lair  
  37  3:49  Extractor  
  37  3:50  Drone  
  37  3:55  Drone  
  37  3:56  Drone x2  
  37  4:00  Roach  
  37  4:02  Roach  
  44  4:10  Roach  
  44  4:11  Overlord  
  44  4:12  Drone  
  48  4:17  Drone  
  48  4:19  Drone  
  48  4:23  Drone  
  50  4:26  Drone x4  
  50  4:28  Drone  
  55  4:40  Hatchery  
  54  4:47  Glial Reconstitution, Extractor  
  54  4:48  Evolution Chamber  
  54  4:50  Drone  
  54  4:51  Drone  
  54  4:53  Drone  
  54  4:58  Roach  
  57  5:02  Roach  
  57  5:03  Roach  
  61  5:10  Overseer  
  59  5:16  Zergling x2  
  59  5:17  Zergling x2, Roach x4  
  59  5:36  Queen  
  59  5:37  Roach x3  
  59  5:41  Overlord  
  67  5:44  Zerg Missile Weapons Level 1  
  67  5:52  Queen  
  69  6:03  Drone  
  69  6:04  Drone x7  
  77  6:08  Queen  
  78  6:11  Queen  
  78  6:20  Drone x3  
  79  6:26  Overlord  
  79  6:27  Drone  
  79  6:29  Drone x2, Hydralisk Den  
  81  6:34  Drone  
  81  6:43  Queen  
  82  6:48  Overlord  
  82  6:49  Zergling x2, Roach x2  
  87  7:06  Drone x8  
  95  7:12  Drone  
  95  7:14  Infestation Pit  
  95  7:18  Drone x2  
  95  7:20  Hatchery, Overseer, Extractor  
  95  7:21  Extractor  
  94  7:25  Overlord  
  94  7:35  Hydralisk x2  
  98  7:37  Overlord x3, Muscular Augments  
  98  7:38  Overlord  
  98  7:54  Hydralisk x4  
  106  8:00  Hive  
  106  8:01  Zerg Missile Weapons Level 2  
  106  8:02  Drone x3  
  106  8:03  Drone  
  110  8:06  Drone x3  
  110  8:07  Drone x4  
  110  8:11  Drone, Extractor  
  117  8:13  Roach  
  119  8:23  Drone x3  
  119  8:24  Drone x3  
  124  8:30  Hydralisk x3  
  124  8:34  Hydralisk x6  
  130  8:40  Drone  
  143  8:44  Evolution Chamber  
  134  9:07  Drone x3  
  137  9:10  Zerg Ground Armor Level 1  
  137  9:11  Drone x4  
  137  9:12  Extractor  
  137  9:14  Overlord x5, Extractor  
  139  9:28  Roach  
  139  9:38  Viper x4  
  139  9:42  Zergling x30  
  139  9:45  Ravager  
  164  9:57  Overlord x4  
  164  9:58  Overlord x2  
  164  10:04  Hatchery  
  160  10:11  Hatchery  
  154  10:17  Hydralisk x8  
  154  10:18  Hydralisk x5  
  180  10:25  Hydralisk x3  
  185  10:37  Roach x4  
  185  10:39  Overlord  
  150  11:04  Roach x3  
  150  11:05  Roach x8  
  150  11:08  Zerg Missile Weapons Level 3, Zerg Ground Armor Level 2  
  172  11:19  Drone x5  
  172  11:23  Roach  
  179  11:28  Hydralisk x5  
  179  11:29  Hydralisk  
  191  11:33  Extractor  
  191  11:36  Hydralisk  
  191  11:37  Hydralisk x2  
  196  11:55  Evolution Chamber  
  195  12:10  Ultralisk Cavern  
  118  12:38  Hydralisk  
  118  12:39  Hydralisk x9  
  118  12:40  Roach x10  
  118  12:42  Hydralisk x4, Roach x3  
  144  12:45  Zergling x26  
  144  12:50  Extractor  
  148  12:53  Zergling x8  
  148  12:55  Extractor  
  151  13:04  Overlord  
  146  13:11  Viper x3  
  155  13:18  Hydralisk x2  
  159  13:27  Queen  
  159  13:29  Extractor, Drone  
  159  13:30  Drone x3  
  159  13:31  Drone x2  
  166  13:39  Viper x2  
  172  13:41  Chitinous Plating  
  178  14:02  Ultralisk  
  178  14:03  Ultralisk  
  178  14:09  Drone x3  
  173  14:24  Ultralisk x3  
  190  14:26  Overlord  
  190  14:27  Zerg Melee Weapons Level 1  
  190  14:35  Hatchery  
  190  14:37  Ultralisk  
  190  14:38  Zergling x4  
  197  14:39  Extractor  
  197  14:43  Baneling Nest  
  195  14:47  Extractor  
  194  15:01  Zergling x10  
  170  15:41  Viper x3  
  132  15:52  Ultralisk x6  
  132  15:53  Zergling x16, Ultralisk  
  132  15:56  Zergling x4, Ultralisk  
  178  16:05  Evolution Chamber  
  178  16:08  Zergling x4, Ultralisk  
  181  16:13  Adrenal Glands  
  147  16:33  Ultralisk  
  145  16:40  Zergling x2  
  145  16:41  Zergling x18  
  147  16:52  Ultralisk  
  141  17:04  Zergling x12  
  133  17:17  Zergling x14  
  132  17:28  Drone x2  
  132  17:29  Drone x3  
  124  17:30  Drone x4  
  126  17:38  Zerg Melee Weapons Level 2  
  126  17:45  Zerg Ground Armor Level 3  
  126  17:50  Pathogen Glands  
  126  18:04  Infestor x4  
  131  18:30  Hatchery  
  131  18:32  Hatchery  
  129  18:38  Ultralisk  
  135  18:46  Ultralisk  
  138  18:59  Ultralisk  
  141  19:09  Ultralisk  
  147  19:24  Drone  
  147  19:25  Drone x10  
  158  19:39  Burrow  
  151  19:49  Ultralisk x2  
  160  19:58  Hydralisk x4  
  168  20:14  Hydralisk x6  
  177  20:29  Zergling x18  
Tags
 
Add a new tag
Caveats
  • Supply blocks, unpowered buildings, or Contaminate may cause inaccurate times.
  • Supply counts are checked every 10 seconds.